 Dungeon Crawl Stone Soup version 0.29.1-2-gbd0b4ee654 (webtiles) character file.

Game seed: 13570791350881603356

2234 Sabo the Cleaver (level 9, -6/78 HPs)
             Began as a Minotaur Fighter on Oct 24, 2022.
             Was a High Priest of Ignis.
             Killed by divine providence
             ... invoked by an orc priest
              (13 damage)
             ... on level 7 of the Dungeon.
             The game lasted 00:31:47 (7657 turns).

Sabo the Cleaver (Minotaur Fighter)                 Turns: 7657, Time: 00:31:50

Health: -6/78      AC: 14    Str: 29    XL:     9   Next: 14%
Magic:  8/8        EV:  9    Int:  5    God:    Ignis [*****.]
Gold:   482        SH:  5    Dex: 12    Spells: 8/8 levels left

rFire   + . .      SeeInvis .   a - +0 war axe
rCold   . . .      Faith    .   c - +0 buckler
rNeg    . . .      Spirit   .   x - +0 chain mail
rPois   +          Reflect  .   (helmet restricted)
rElec   .          Harm     .   f - +2 cloak
rCorr   .          Rampage  .   (no gloves)
Will    .....                   (no boots)
Stlth   ..........              (no amulet)
HPRegen 0.23/turn               r - +6 ring of strength
MPRegen 0.11/turn               A - ring of poison resistance

@: no status effects
A: horns 2, retaliatory headbutt
a: Renounce Religion, Fiery Armour, Foxfire Swarm, Rising Flame


You were on level 7 of the Dungeon.
You worshipped Ignis.
Ignis was extremely pleased with you.
You visited 1 branch of the dungeon, and saw 7 of its levels.

You collected 482 gold pieces.

Inventory:

Hand Weapons
 a - a +0 war axe (weapon)
 s - a +1 short sword of flaming
 w - a +1 vorpal flail
 y - a +2 short sword of protection
 B - a +2 vampiric spear
Missiles
 l - 12 poisoned darts (quivered)
 v - 6 boomerangs
Armour
 c - a +0 buckler (worn)
 f - a +2 cloak (worn)
 x - a +0 chain mail (worn)
Jewellery
 r - a +6 ring of strength (left hand)
 A - a ring of poison resistance (right hand)
 F - a ring of positive energy
Wands
 p - a wand of digging (9)
 z - a wand of roots (12)
 C - a wand of acid (4)
Scrolls
 e - 2 scrolls of silence
 j - 5 scrolls of teleportation
 k - a scroll of fear
 m - a scroll of poison
 n - a scroll of blinking
 o - a scroll of butterflies
 u - a scroll of enchant weapon
Potions
 b - a potion of haste {unknown}
 d - a potion of might
 g - 2 potions of heal wounds {unknown}
 h - 2 potions of curing
 i - 4 potions of flight
 q - 2 potions of attraction {unknown}
 t - a potion of brilliance {unknown}


   Skills:
 + Level 6.6 Fighting
 + Level 9.7 Axes
 + Level 8.1 Armour
 + Level 3.4 Dodging
 + Level 1.0 Stealth
 + Level 5.7 Shields


You had 8 spell levels left.
You didn't know any spells.
Your spell library contained the following spells:

 Spells                   Type           Power      Damage    Failure   Level
 Blink                    Tloc           0%         N/A       99%         2
 Ensorcelled Hibernation  Hex/Ice        0%         N/A       99%         2
 Poisonous Vapours        Pois/Air       0%         N/A       99%         2
 Ignite Poison            Fire/Tmut/Pois 0%         N/A       100%        3
 Lesser Beckoning         Tloc           0%         N/A       100%        3
 Mephitic Cloud           Conj/Pois/Air  0%         N/A       100%        3
 Spider Form              Tmut/Pois      0%         N/A       100%        3
 Anguish                  Hex/Necr       0%         N/A       100%        4
 Corpse Rot               Necr/Pois/Air  0%         N/A       100%        4
 Freezing Cloud           Conj/Ice/Air   0%         6-21      100%        5
 Manifold Assault         Tloc           0%         N/A       100%        5


Dungeon Overview and Level Annotations

Branches:
Dungeon (7/15)             Temple (0/1) D:7

Altars:
Dithmenos
Hepliaklqana
Kikubaaqudgha
Makhleb
Okawaru
Qazlal
Uskayaw
Xom
Zin
Ignis


Innate Abilities, Weirdness & Mutations

You have a pair of horns on your head.
You reflexively headbutt those who attack you in melee.


Message History

The orc is heavily wounded.
The orc hits you with a +0 short sword.
You hit the orc but do no damage.
The orc is heavily wounded.
The orc hits you but does no damage.
You hit the orc.
You kill the orc!
A jelly comes into view.
The jelly hits you but does no damage.
An orc comes into view. It is wielding a +0 short sword.
Items here: )) [ †.
An orc priest and an orc wizard come into view.
The orc priest shouts!
The jelly barely misses you.
Things that are here:
a +0 flail; a +0 ring mail You slash the jelly!
Your hands burn!
You headbutt the jelly!
You kill the jelly!
An orc priest comes into view. It is wielding a +0 club.
The orc priest shouts!
You hit the orc priest.
The orc priest is moderately wounded.
The orc priest hits you with a +0 club.
The orc priest invokes the aid of Beogh against you.
Beogh smites you!
* * * LOW HITPOINT WARNING * * *
You closely miss the orc priest. Your headbutt misses the orc priest.
The orc priest is moderately wounded.
The orc priest hits you with a +0 club.
* * * LOW HITPOINT WARNING * * *
The orc priest mumbles some strange prayers to Beogh against you.
Beogh smites you!
* * * LOW HITPOINT WARNING * * *
You closely miss the orc priest. Your headbutt misses the orc priest.
The orc priest is moderately wounded.
The orc priest invokes the aid of Beogh against you.
You struggle to resist.
The orc priest invokes the aid of Beogh against you.
Beogh smites you!
You die...

#.#........####.#.####...# #
#........# #.#.####...# #
.###......######.....##...###
..........##...#.....##......
..##...)..##.#.#.....###.....
.............................
.#####.#...#.#.#.#)###...###.
#.###)#.....#.# #.⌠.# ## ..
#.)@#.###.###...#### ###
###o#.# #........... ..o#.#
#..⌠..>..⌠.# ###.o.#
#..........#
.....###.###...#### #.#..####
#.⌠.# ## ###.....#####...###.
..o......#.####.....
######...<.<)...##.##.


You could see 2 orc priests, an orc wizard and an orc.

Vanquished Creatures
  Prince Ribbit (D:7)
  Menkaure (D:7)
  2 water moccasins (D:6)
  An ice beast (D:6)
  A sky beast (D:6)
  2 ogres
  2 centaurs
  3 phantoms
  3 scorpions
  A wyvern skeleton (D:6)
  2 howler monkeys (D:7)
  A bullfrog zombie (D:6)
  A centaur zombie (D:6)
  3 jellies
  3 orc priests (D:4)
  2 hounds
  2 iguanas (D:4)
  An orc wizard (D:7)
  2 killer bee zombies (D:6)
  12 adders
  An ufetubus (D:6)
  4 worms
  2 dart slugs (D:1)
  18 orcs
  9 ball pythons
  4 bats
  11 endoplasms
  8 giant cockroaches
  3 goblins (D:1)
  8 hobgoblins
  9 jackals
  2 frilled lizards (D:1)
  13 kobolds
  2 rats
140 creatures vanquished.

Notes
Turn   | Place    | Note
-------+----------+-------------------------------------------
     0 | D:1      | Sabo the Minotaur Fighter began the quest for the Orb.
     0 | D:1      | Reached XP level 1. HP: 19/19 MP: 0/0
   182 | D:1      | Reached XP level 2. HP: 25/27 MP: 1/1
   210 | D:1      | Found a faded altar of an unknown god.
   251 | D:1      | Prayed at the altar of an unknown god.
   251 | D:1      | Became a worshipper of Ignis, the Dying Flame
   878 | D:1      | Reached XP level 3. HP: 30/33 MP: 2/2
  1123 | D:2      | Found an ancient bone altar of Kikubaaqudgha.
  1169 | D:2      | Reached skill level 3 in Axes
  1864 | D:3      | Reached XP level 4. HP: 38/41 MP: 3/3
  2724 | D:4      | Reached skill level 5 in Armour
  3324 | D:4      | Reached XP level 5. HP: 41/47 MP: 4/4
  3534 | D:4      | Reached skill level 4 in Axes
  3611 | D:4      | You fall into a shaft and drop 3 floors!
  3611 | D:7      | Found a hazy altar of Hepliaklqana.
  3629 | D:7      | Noticed Menkaure
  3634 | D:7      | Killed Menkaure
  3635 | D:7      | Reached skill level 5 in Axes
  3635 | D:7      | Reached skill level 1 in Dodging
  3635 | D:7      | Reached XP level 6. HP: 17/55 MP: 5/5
  3864 | D:5      | Entered Level 5 of the Dungeon
  3875 | D:5      | Reached skill level 5 in Fighting
  4395 | D:4      | Reached skill level 6 in Axes
  4468 | D:5      | Reached XP level 7. HP: 58/61 MP: 6/6
  4531 | D:5      | Found a shimmering altar of Xom.
  4844 | D:5      | Found an iron altar of Okawaru.
  4869 | D:5      | Found a hide-covered altar of Uskayaw.
  4934 | D:5      | Found a burning altar of Makhleb.
  5021 | D:5      | Found a stormy altar of Qazlal.
  5270 | D:5      | Reached skill level 7 in Axes
  6155 | D:6      | Reached XP level 8. HP: 68/69 MP: 7/7
  6413 | D:6      | Reached skill level 5 in Shields
  6425 | D:6      | Reached skill level 8 in Axes
  7281 | D:7      | Reached skill level 1 in Stealth
  7286 | D:7      | Found a glowing silver altar of Zin.
  7340 | D:7      | Found a staircase to the Ecumenical Temple.
  7385 | D:7      | Found a shadowy altar of Dithmenos.
  7399 | D:7      | Reached skill level 9 in Axes
  7615 | D:7      | Reached XP level 9. HP: 51/78 MP: 8/8
  7618 | D:7      | Noticed Prince Ribbit
  7644 | D:7      | Killed Prince Ribbit
  7657 | D:7      | Killed from afar by an orc priest

Illustrated notes

Levels and vault maps discovered:
D:1:      psy_arrival_fountain, layout_basic, nicolae_ecumenical_lake_church,
          minmay_misc_feat_enclosed
D:2:      layout_rooms, basic_altar, grunt_decor_arrowhead
D:3:      layout_loops_ring, corexii_item_surrounded_by_moat
D:4:      layout_basic
D:5:      mumra_celtic_spiral_tile, layout_rooms,
          mainiacjoe_overflow_six_doors_small, grunt_qazlal_clouds,
          eat_drink_and_be_merry_uskayaw, hangedman_feature_mirror,
          chequers_serial_rivers_micro_d, kennysheep_dice
D:6:      layout_basic, serial_undead, serial_undead_a, serial_undead_f,
          serial_undead_b, serial_undead_f, kennysheep_generic_room_12
D:7:      layout_basic, lemuel_round_altar,
          nicolae_dithmenos_through_a_glass_darkly, kennysheep_little_box,
          minmay_temple_entry_junction, uniq_menkaure, uniq_prince_ribbit1

Skill      XL: |  1  2  3  4  5  6  7  8  9 |
---------------+----------------------------+-----
Armour         | 4 5 6 7 8 |  8.1
Shields        | 4 5 |  5.7
Fighting       | 4 5 6 |  6.6
Axes           | 3 5 6 7 9 |  9.7
Dodging        | 1 2 3 |  3.4
Stealth        | 1 |  1.0

Action                   |  1- 3 |  4- 6 |  7- 9 || total
-------------------------+-------+-------+-------++-------
Melee: War axe           |    92 |   127 |   149 ||   368
       Headbutt          |     9 |    11 |    31 ||    51
  Use: Scroll            |     4 |    10 |     3 ||    17
       Potion            |       |     1 |       ||     1
Armor: Scale mail        |    51 |    63 |     5 ||   119
       Chain mail        |       |       |    93 ||    93
Dodge: Dodged            |    57 |    58 |    67 ||   182
Block: Buckler           |    35 |    25 |    43 ||   103
